 Dungeon Crawl Stone Soup version 0.26-a0-1120-ga1b6d6fda9 (webtiles) character file.

Game seed: 12814417016270213144

44611 kuniqs the Fighter (level 13, -2/109 HPs)
             Began as a Demonspawn Fighter on Dec 17, 2020.
             Was an Initiate of Gozag.
             Killed from afar by a raiju (20 damage)
             ... with a living lightning
             ... on level 2 of the Abyss on Dec 18, 2020.
             The game lasted 00:27:56 (18978 turns).

kuniqs the Fighter (Demonspawn Fighter)            Turns: 18978, Time: 00:27:56

Health: -2/109     AC: 15    Str: 29    XL:     13   Next: 97%
Magic:  13/13      EV: 19    Int: 10    God:    Gozag
Gold:   3690       SH: 10    Dex: 12    Spells: 12/12 levels left

rFire    + + .     SeeInvis .   j - +5 dagger (venom)
rCold    . . .     Faith    .   c - +0 kite shield
rNeg     . . .     Spirit   .   p - +0 swamp dragon scales
rPois    +         Reflect  .   (helmet restricted)
rElec    .         Harm     .   (no cloak)
rCorr    .         Rampage  .   k - +0 pair of gloves "Siesoats" {*Drain Str+7}
Will     .....                  z - +2 pair of boots {run}
Stlth    +.........             w - amulet of the acrobat
HPRegen  0.28/turn              E - ring of protection from fire
MPRegen  0.13/turn              (no ring)

@: gold aura, hasted, repel missiles, very quick
A: horns 1, repulsion field 3, fire resistance 1, ignite blood, spiny 1, flame
cloud immunity
a: Renounce Religion, Potion Petition, Call Merchant, Bribe Branch


You were on level 2 of the Abyss.
You worshipped Gozag.
Gozag was most pleased with you.
You visited 2 branches of the dungeon, and saw 16 of its levels.
You visited the Abyss 1 time.

You collected 4463 gold pieces.
You spent 682 gold pieces at shops.
You paid 91 gold pieces to Gozag.

Inventory:

Hand Weapons
 g - a +0 battleaxe
 j - a +5 dagger of venom (weapon)
Missiles
 b - 4 throwing nets (quivered)
Armour
 c - a +0 kite shield (worn)
 k - the +0 pair of gloves "Siesoats" (worn) {*Drain Str+7}
   (You bought it in a shop on level 6 of the Dungeon)

   It affects your strength (+7).
   It causes draining when unequipped.
 p - +0 swamp dragon scales (worn)
 z - a +2 pair of boots of running (worn)
Jewellery
 q - an uncursed ring of positive energy
 r - an uncursed ring of ice
 w - an amulet of the acrobat (around neck)
 E - a ring of protection from fire (left hand)
 L - an uncursed ring of see invisible
 N - an uncursed ring of protection from fire
Wands
 n - a wand of enslavement (1)
 t - a wand of flame (13)
 u - a wand of polymorph (5)
 F - a wand of digging (5)
 H - a wand of paralysis (5)
Scrolls
 a - 2 scrolls of fear
 f - 10 scrolls of remove curse {@r2}
 h - 2 scrolls of teleportation
 l - a scroll of immolation
 m - 5 scrolls of enchant weapon
 s - a scroll of summoning
 v - 3 scrolls of blinking
 y - 3 scrolls of fog
 C - 2 scrolls of brand weapon
Potions
 d - 2 potions of might
 e - a potion of heal wounds
 i - 2 potions of berserk rage
 o - 2 potions of attraction
 A - 3 potions of curing {@q1}
 B - 2 potions of invisibility
 D - 2 potions of resistance {unknown}
 G - 2 potions of haste
 J - a potion of ambrosia {unknown}
 K - a potion of magic {unknown}
 M - 3 potions of cancellation {unknown}


   Skills:
 + Level 12.7 Fighting
 - Level 1.7 Short Blades
 * Level 10.5 Axes
 + Level 11.8 Armour
 + Level 11.5 Dodging
 - Level 2.6 Shields


You had 12 spell levels left.
You didn't know any spells.
Your spell library contained the following spells:

 Spells                   Type           Power        Failure   Level
 Beastly Appendage        Tmut           0%           94%         1
 Corona                   Hex            0%           94%         1
 Foxfire                  Conj/Fire      0%           94%         1
 Ensorcelled Hibernation  Hex/Ice        0%           98%         2
 Wereblood                Tmut           0%           98%         2
 Confusing Touch          Hex            0%           100%        3
 Conjure Flame            Conj/Fire      0%           100%        3
 Dazzling Flash           Conj/Hex       0%           100%        3
 Inner Flame              Hex/Fire       0%           100%        3
 Spider Form              Tmut/Pois      0%           100%        3
 Tukima's Dance           Hex            0%           100%        3
 Ice Form                 Ice/Tmut       0%           100%        4
 Sticky Flame             Conj/Fire      0%           100%        4
 Blade Hands              Tmut           0%           100%        5
 Fireball                 Conj/Fire      0%           100%        5


Dungeon Overview and Level Annotations

Branches:
Dungeon (15/15)            Temple (1/1) D:6            Lair (0/6) D:11
    Orc (0/2) D:11         Vaults (0/5) D:14         Depths (0/5) D:15

Altars:
Ashenzari
Cheibriados
Dithmenos
Elyvilon
Fedhas
Gozag
Hepliaklqana
Kikubaaqudgha
Makhleb
Nemelex Xobeh
Okawaru
Qazlal
Ru
Sif Muna
Trog
Uskayaw
Vehumet
Wu Jian
Xom
Yredelemnul
Zin
The Shining One

Shops:
D:4 [   D:6 [   D:13 =   D:15 =

Portals:
Abyss: D:15

Annotations:
D:15 2 transporters, Louise; Roxanne; voshxx's ghost, adept GrEE


Innate Abilities, Weirdness & Mutations

You have a pair of small horns on your head.
You are surrounded by a strong repulsion field. (EV +4, RMsl)
Your flesh is heat resistant. (rF+)
Your demonic aura causes spilled blood to erupt in flames.
You are partially covered in sharp spines.
You are immune to clouds of flame.


Message History

* * * LOW HITPOINT WARNING * * *
The living lightning misses you.
The living lightning misses the raiju.
The raiju blinks!
You feel better.
The raiju bursts into living lightning!
The living lightning hits the raiju.
The raiju completely resists.
The living lightning hits you!
* * * LOW HITPOINT WARNING * * *
The living lightning misses you.
The living lightning hits the raiju.
The raiju completely resists.
The living lightning hits the raiju.
The raiju completely resists.
The raiju blinks! x5
You completely miss the raiju. Your headbutt misses the raiju.
The raiju closely misses you.
You hit the raiju.
The raiju is poisoned.
Your headbutt misses the raiju.
The raiju is lightly wounded.
The raiju bursts into living lightning!
The living lightning hits the raiju.
The raiju completely resists.
The living lightning hits you!!
You die...
Your body crumbles into a pile of gold.

. . .. ... .
..# . . .
...#### #.#. .
...#.### #.
.#. ###.#. #..
.... #$.@# ##.
.#...#
#.##h..#.....
.# #.#
#h##......#
##.. $h......#
... ...... .
.... # #....
..∩.. # .. .
#.#.#..h......
.
..#......##...
. .. #.# . ..
.. .###.


You could see 3 raiju.

Vanquished Creatures
  A sphinx (D:14)
  Frances (D:14)
  Nessos (D:14)
  Snorg (D:14)
  A fire dragon (D:15)
  Josephine (D:15)
  A hydra (D:15)
  3 boulder beetles
  2 centaur warriors
  A catoblepas (D:14)
  A death knight (D:15)
  A tengu warrior (D:15)
  5 two-headed ogres
  Nergalle (D:12)
  A glowing orange brain (D:15)
  A wizard (D:15)
  An orc knight (D:15)
  A large abomination (Abyss:2)
  5 ugly things
  An orb spider (shapeshifter) (D:15)
  A wolf spider (D:14)
  3 deep elf magi
  3 cyclopes
  2 manticores
  A wolf spider zombie (D:15)
  A cyclops (shapeshifter) (D:15)
  A gargoyle (D:10)
  Maggie (D:7)
  3 kobold demonologists (D:12)
  5 centaur skeletons
  A redback zombie (D:15)
  4 yaktaurs (D:15)
  6 trolls
  A raiju (Abyss:2)
  13 slime creatures (D:15)
  Sigmund (D:3)
  A shadow (D:12)
  6 wraiths
  A wyvern (D:9)
  4 yaks
  Eustachio (D:6)
  A vampire (D:14)
  A basilisk (D:14)
  A basilisk (shapeshifter) (D:15)
  6 vampire mosquitoes (D:14)
  3 acid dragons
  Duvessa (D:5)
  11 orc warriors
  3 phantoms
  4 black bears
  5 ice beasts
  3 sky beasts
  5 ogres
  An eye of draining (D:13)
  2 necrophages
  3 centaurs (D:15)
  4 big kobolds
  11 bullfrogs
  A hornet simulacrum (D:9)
  Dowan (D:5)
  A scorpion (D:9)
  16 wights
  3 electric eels (D:9)
  5 howler monkeys
  4 centaur zombies
  3 bullfrog zombies
  A quasit (D:6)
  12 hounds
  4 bullfrog skeletons
  7 orc priests
  5 jellies
  7 orc wizards
  Jessica (D:3)
  2 iguanas
  Ijyb (D:3)
  4 human zombies (D:9)
  Natasha (thrice) (D:2)
  12 worker ants
  An ogre zombie (D:9)
  A hound zombie (D:10)
  2 hound skeletons
  3 mummies (D:9)
  A howler monkey zombie (D:7)
  2 killer bee simulacra (D:9)
  9 adders
  15 gnolls
  2 shadow imps
  5 white imps
  A worker ant simulacrum (D:9)
  An ufetubus (D:9)
  6 worms
  3 dart slugs
  4 leopard geckos
  55 orcs
  2 ball pythons
  4 giant cockroaches
  6 goblins
  7 hobgoblins
  5 quokkas
  6 bats
  6 frilled lizards
  19 kobolds
  A leopard gecko skeleton (D:4)
  8 rats
424 creatures vanquished.

Vanquished Creatures (collateral kills)
  A wraith (D:15)
  An orc warrior (D:15)
2 creatures vanquished.

Vanquished Creatures (others)
  An orc wizard (D:14)
  An adder simulacrum (D:9)
  5 fungi (D:11)
  27 plants
34 creatures vanquished.

Grand Total: 460 creatures vanquished

Notes
Turn   | Place    | Note
-------+----------+-------------------------------------------
     0 | D:1      | kuniqs the Demonspawn Fighter began the quest for the Orb.
     0 | D:1      | Reached XP level 1. HP: 18/18 MP: 1/1
   221 | D:1      | Gained mutation: You are surrounded by a mild repulsion
                  | field. (EV +2) [demonic ancestry]
   221 | D:1      | Reached XP level 2. HP: 23/24 MP: 2/2
   526 | D:1      | Reached skill level 1 in Dodging
   828 | D:2      | Gained mutation: Your flesh is heat resistant. (rF+)
                  | [demonic ancestry]
   828 | D:2      | Reached XP level 3. HP: 29/29 MP: 3/3
   863 | D:2      | Found a broken altar of Ashenzari.
  1191 | D:2      | Gained mutation: You are partially covered in sharp spines.
                  | [demonic ancestry]
  1191 | D:2      | Reached XP level 4. HP: 27/37 MP: 4/4
  1296 | D:2      | Noticed Natasha
  1305 | D:2      | Killed Natasha
  1452 | D:2      | Noticed Natasha
  1459 | D:2      | Killed Natasha
  1460 | D:2      | Reached skill level 4 in Fighting
  1521 | D:2      | Noticed Natasha
  1536 | D:2      | Killed Natasha
  1537 | D:2      | Reached XP level 5. HP: 29/42 MP: 5/5
  1840 | D:3      | Noticed Sigmund
  2268 | D:3      | Killed Sigmund
  2269 | D:3      | Gained mutation: You are surrounded by a moderate repulsion
                  | field. (EV +3) [demonic ancestry]
  2269 | D:3      | Reached XP level 6. HP: 50/50 MP: 6/6
  2363 | D:3      | Found a shadowy altar of Dithmenos.
  2366 | D:3      | Noticed Jessica
  2372 | D:3      | Killed Jessica
  2428 | D:3      | Noticed Ijyb
  2438 | D:3      | Killed Ijyb
  2439 | D:3      | Reached skill level 5 in Fighting
  3085 | D:4      | Found Giywylexi's Armour Boutique.
  3112 | D:4      | Gained mutation: You are immune to clouds of flame.
                  | [demonic ancestry]
  3112 | D:4      | Reached XP level 7. HP: 56/56 MP: 7/7
  3506 | D:4      | Found a shimmering blue altar of Sif Muna.
  3830 | D:5      | Entered Level 5 of the Dungeon
  3903 | D:5      | Noticed Duvessa
  3903 | D:5      | Noticed Dowan
  3927 | D:5      | Killed Dowan
  3928 | D:5      | Reached skill level 5 in Armour
  3938 | D:5      | Killed Duvessa
  4261 | D:5      | Found a blossoming altar of Fedhas.
  4309 | D:5      | Reached skill level 6 in Fighting
  4478 | D:5      | Reached XP level 8. HP: 64/64 MP: 8/8
  4752 | D:6      | Reached skill level 5 in Dodging
  4876 | D:6      | Noticed Eustachio
  4893 | D:6      | Killed Eustachio
  5026 | D:6      | Reached skill level 7 in Fighting
  5091 | D:6      | Found a radiant altar of Vehumet.
  5329 | D:6      | Found a staircase to the Ecumenical Temple.
  5347 | D:6      | Found Buukhlapt's Armour Shop.
  5351 | Temple   | Entered the Ecumenical Temple
  5417 | Temple   | Became a worshipper of Gozag Ym Sagoz the Greedy
  5428 | D:6      | You fall into a shaft and drop 1 floor!
  5608 | D:6      | Gained mutation: Your demonic aura causes spilled blood to
                  | erupt in flames. [demonic ancestry]
  5608 | D:6      | Reached XP level 9. HP: 72/72 MP: 9/9
  5735 | D:7      | Noticed Maggie
  5751 | D:7      | Killed Maggie
  6050 | D:7      | Found a burning altar of Makhleb.
  6552 | D:8      | Found a white marble altar of Elyvilon.
  6563 | D:8      | Reached skill level 8 in Fighting
  6882 | D:8      | Noticed a deep elf mage
  6890 | D:8      | Killed a deep elf mage
  7180 | D:8      | Found a sparkling altar of Nemelex Xobeh.
  7277 | D:8      | Found an iron altar of Okawaru.
  8116 | D:9      | Gained mutation: You have a pair of small horns on your
                  | head. [demonic ancestry]
  8116 | D:9      | Reached XP level 10. HP: 72/82 MP: 10/10
  8143 | D:9      | Reached skill level 9 in Fighting
  8399 | D:9      | Got a masterwork scale mail
  8410 | D:9      | Identified the cursed +1 scale mail of Qazlal's Inspiration
                  | {Dex+2} (You found it on level 9 of the Dungeon)
  8674 | D:6      | Bought the +0 pair of gloves "Siesoats" {*Drain Str+7} for
                  | 226 gold pieces
  8674 | D:6      | Bought a +2 pair of boots of running for 456 gold pieces
  9098 | D:9      | Found an ancient bone altar of Kikubaaqudgha.
  9262 | D:10     | Entered Level 10 of the Dungeon
  9364 | D:10     | Noticed a gargoyle
  9386 | D:10     | Killed a gargoyle
  9642 | D:10     | Reached skill level 10 in Fighting
  9662 | D:10     | Noticed a two-headed ogre
  9672 | D:10     | Killed a two-headed ogre
  9952 | D:11     | Identified a scroll of acquirement
 10019 | D:11     | Gained mutation: You are surrounded by a strong repulsion
                  | field. (EV +4, RMsl) [demonic ancestry]
 10019 | D:11     | Reached XP level 11. HP: 74/91 MP: 11/11
 10155 | D:11     | Found a staircase to the Orcish Mines.
 10202 | D:11     | Reached skill level 1 in Axes
 10482 | D:11     | Found a shimmering altar of Xom.
 10535 | D:11     | Found a staircase to the Lair.
 10739 | D:12     | Noticed a cyan ugly thing
 10754 | D:12     | Killed a cyan ugly thing
 10994 | D:12     | Noticed a sun demon
 11482 | D:12     | Noticed Nergalle
 11500 | D:12     | Killed Nergalle
 11501 | D:12     | Reached skill level 10 in Armour
 11828 | D:13     | Noticed a red ugly thing
 11842 | D:13     | Killed a red ugly thing
 11855 | D:13     | Noticed a boulder beetle
 11868 | D:13     | Killed a boulder beetle
 12308 | D:13     | Found Fijiubb's Jewellery Shop.
 12497 | D:13     | Reached skill level 11 in Fighting
 12507 | D:13     | Reached skill level 5 in Axes
 12536 | D:13     | Noticed a two-headed ogre
 12544 | D:13     | Killed a two-headed ogre
 12702 | D:14     | Noticed Nessos
 12713 | D:14     | Killed Nessos
 12714 | D:14     | Reached XP level 12. HP: 87/100 MP: 12/12
 12766 | D:14     | Reached skill level 10 in Dodging
 13206 | D:14     | Noticed Frances
 13219 | D:14     | Killed Frances
 13537 | D:14     | Noticed Snorg
 13547 | D:14     | Killed Snorg
 13551 | D:14     | Found an opulent altar of Gozag.
 13560 | D:14     | Found a runed translucent door.
 13562 | D:14     | Noticed a boulder beetle
 13563 | D:14     | Noticed a centaur warrior
 13571 | D:14     | Killed a centaur warrior
 13726 | D:14     | Killed a boulder beetle
 13946 | D:14     | Noticed a catoblepas
 13974 | D:14     | Killed a catoblepas
 14111 | D:14     | Noticed a sphinx
 14119 | D:14     | Killed a sphinx
 14272 | D:14     | Noticed a two-headed ogre
 14277 | D:14     | Killed a two-headed ogre
 14278 | D:14     | Reached skill level 12 in Fighting
 14278 | D:14     | Reached XP level 13. HP: 105/108 MP: 13/13
 14294 | D:14     | Found a gate to the Vaults.
 14646 | D:15     | Entered Level 15 of the Dungeon
 15751 | D:15     | Found a transporter.
 15756 | D:15     | Found a transporter.
 15756 | D:15     | Noticed a crystal guardian
 15774 | D:15     | Noticed a brown very ugly thing
 15787 | D:15     | Found a one-way gate to the infinite horrors of the Abyss.
 15787 | D:15     | Noticed a cacodemon
 15790 | D:15     | Noticed voshxx's ghost (adept GrEE)
 16142 | D:15     | HP: 1/109 [titanic slime creature (101)]
 16773 | D:15     | Found a staircase to the Depths.
 16775 | D:15     | Paralysed by a floating eye for 2 turns
 17346 | D:15     | Noticed a fire dragon
 17365 | D:15     | Killed a fire dragon
 17369 | D:15     | Reached skill level 10 in Axes
 17569 | D:15     | Identified Roxanne's Catalogue of Transmigration
 17569 | D:15     | Noticed Roxanne
 17944 | D:15     | Found Hiqaenagg's Jewellery Shoppe.
 18256 | D:15     | Noticed Josephine
 18266 | D:15     | Killed Josephine
 18921 | D:15     | Noticed Louise
 18925 | D:15     | Cast into level 2 of the Abyss (Louise)
 18944 | Abyss:2  | Acquired 944 gold pieces
 18978 | Abyss:2  | Killed from afar by a raiju

Illustrated notes

Levels and vault maps discovered:
D:1:      sevenhm_arrival_forest_fort_small_3, layout_loops_ring,
          corexii_leaking_fountain
D:2:      layout_rooms, kennysheep_minor_cross, ashenzari_altar_1, uniq_natasha
D:3:      layout_basic, grunt_dithmenos_smoke_and_mirrors, minmay_statues_item,
          uniq_sigmund, uniq_jessica, uniq_ijyb
D:4:      layout_loops_ring, serial_shops, shop, tgw_sif
D:5:      layout_loops_cross, fedhas_altar_2, uniq_duvessa
D:6:      layout_gridville, lemuel_doored_altar,
          minmay_temple_entry_statues_fountains, serial_shops, shop,
          uniq_eustachio
D:7:      layout_basic, makhleb_heckhound_becter, uniq_maggie
D:8:      layout_layer_cave, okawaru_ov_weapons_minmay, elyvilon_altar_5,
          nemelex_xobeh_ov_fountains_minmay, grunt_ministairs_12
D:9:      layout_gridville, lemuel_mausoleum_altar_kikubaaqudgha, serial_ice,
          serial_ice_g, serial_ice_j, serial_ice_n, serial_ice_m, minivault_16
D:10:     layout_small_grid, serial_bayou_pond_c
D:11:     layout_basic, grunt_lair_entry_orc_guard_hut, david_orc_2,
          david_defended_altar_elf
D:12:     layout_stronghold, gauntlet_entry_generic, uniq_nergalle
D:13:     layout_irregular_city, serial_shops, nicolae_shop_waterfront
D:14:     layout_cave_pools, david_vaults_1,
          nicolae_gozag_cash_rules_everything_around_me, lightli_airlock,
          uniq_frances, uniq_nessos, uniq_snorg
D:15:     gammafunk_enter_depths_forms, layout_basic, serial_shops, shop_statue,
          grunt_decor_fettered, gammafunk_ghost_abyssal_escape, uniq_roxanne,
          uniq_louise, uniq_josephine
Temple:   eino_temple_lava
Abyss:2:  base: D:2, guppyfry_abyss_exit_spiral_guarded, bh_abyss_negative,
          minivault_11, minivault_1

Skill      XL: |  1  2  3  4  5  6  7  8  9 10 11 12 13 |
---------------+----------------------------------------+-----
Armour         | 3 4 5 6 8 9 10 11 | 11.8
Dodging        | 1 2 3 4 6 7 9 10 11 | 11.5
Fighting       | 4 5 6 7 8 10 11 12 | 12.7
Axes           | 5 8 10 | 10.5
Short Blades   | |  1.7
Shields        | |  2.6

Action                   |  1- 3 |  4- 6 |  7- 9 | 10-12 | 13-15 || total
-------------------------+-------+-------+-------+-------+-------++-------
Melee: Rapier            |   117 |   141 |    63 |       |       ||   321
       Dagger            |       |       |   330 |   667 |   351 ||  1348
       Headbutt          |       |       |       |   215 |   137 ||   352
Evoke: Wand              |       |       |     3 |    12 |     7 ||    22
  Use: Potion            |       |       |     4 |     2 |     4 ||    10
       Scroll            |       |       |    12 |     9 |     5 ||    26
 Stab: Distracted        |       |       |     1 |     6 |       ||     7
       Paralysed         |       |       |       |     4 |       ||     4
Armor: Scale mail        |    38 |    19 |    31 |       |       ||    88
       Plate armour      |       |       |    53 |       |       ||    53
       Swamp dragon scal |       |       |    24 |   160 |    69 ||   253
Dodge: Dodged            |    41 |    46 |   157 |   413 |   222 ||   879
       Repelled          |       |       |       |     6 |     2 ||     8
Block: Kite shield       |    48 |    57 |   177 |   337 |   149 ||   768

Table legend: (Time is in decaauts)
 A = Elapsed time spent in this place.
 B = Non-inter-level travel time spent in this place.
 C = Inter-level travel time spent in this place.
 D = Time resting spent in this place.
 E = Time spent auto-exploring this place.
 F = Levels seen in this place.
 G = Mean time per level.
                   A        B        C        D        E       F      G
               +--------+--------+--------+--------+--------+-----+--------+
         Total |  18650 |  17878 |    772 |   6671 |   7530 |  17 | 1097.1 |
       Dungeon |  18524 |  17761 |    763 |   6671 |   7471 |  15 | 1234.9 |
        Temple |     75 |     66 |      9 |      0 |     52 |   1 |   75.0 |
         Abyss |     49 |     49 |      0 |      0 |      6 |   1 |   49.0 |
               +--------+--------+--------+--------+--------+-----+--------+

Top non-repeatable levels by time:
    D:15: 3403 daAuts
    D:14: 2414 daAuts
     D:9: 1369 daAuts
     D:8: 1227 daAuts
    D:13: 1121 daAuts
     D:2: 1093 daAuts
     D:3: 1026 daAuts
    D:12: 1005 daAuts
     D:6: 974 daAuts
     D:4: 942 daAuts
     D:7: 926 daAuts
     D:5: 832 daAuts
     D:1: 832 daAuts
    D:11: 715 daAuts
    D:10: 638 daAuts
